 Dungeon Crawl Stone Soup version 0.30.1-11-g7821555f0a (webtiles) character file.

Game seed: 6492318357902058566

121 NamelessTwo the Magician (level 5, -3/39 HPs)
             Began as a Djinni Fire Elementalist on Dec 29, 2023.
             Slain by a lemure (6 damage)
             ... led by Pikel
             ... on level 4 of the Dungeon.
             The game lasted 00:07:36 (2670 turns).

NamelessTwo the Magician (Djinni Fire Elementalist) Turns: 2670, Time: 00:07:36

Health: -3/39      AC:  5    Str:  7    XL:     5   Next: 26%
Gold:   121        EV: 12    Int: 19    God:
                   SH:  0    Dex: 13

rFire   + + +        d - staff of fire
rCold   x . .        (no shield)
rNeg    . . .        a - +0 robe
rPois   ∞            h - +1 helmet
rElec   .            x - +0 cloak
rCorr   .            (no gloves)
SInv    .            (boots unavailable)
Will    +....        (no amulet)
Stlth   ++           l - ring of willpower
HPRegen 0.26/turn    (no ring)
MPRegen 0.00/turn

%: infuse magic (-4 HP)
@: flying
A: sickness immunity, fire resistance 2, cold vulnerability 1, float, innate
caster, HP casting, extra vitality 1
a: no special abilities


You were on level 4 of the Dungeon.
You visited 1 branch of the dungeon, and saw 4 of its levels.

You collected 121 gold pieces.

Inventory:

Hand Weapons
 y - a +4 club
Armour
 a - a +0 robe (worn)
 h - a +1 helmet (worn)
 x - a +0 cloak (worn)
 z - the +4 helmet "Reatip" {rN+ Int-5 SInv}
   (You took it off Robin on level 4 of the Dungeon)

   Int:       It affects your intelligence (-5).
   rN:        It protects you from negative energy.
   SInv:      It lets you see invisible.
Magical Staves
 d - a staff of fire (weapon)
Jewellery
 l - a ring of willpower (left hand)
 q - a +5 ring of evasion
 u - an amulet of regeneration
Scrolls
 b - a scroll of poison {unknown}
 e - a scroll of fear {unknown}
 g - 2 scrolls of enchant armour {unknown}
 j - a scroll of fog {unknown}
 k - 3 scrolls of immolation {unknown}
 m - 2 scrolls of silence {unknown}
 o - 6 scrolls of identify {unknown}
 s - 2 scrolls of teleportation {unknown}
 t - a scroll of amnesia {unknown}
 w - a scroll of blinking {unknown}
Potions
 c - a potion of curing {unknown}
 f - 4 potions of attraction {unknown}
 i - 3 potions of brilliance {unknown}
 n - a potion of might {unknown}
 p - 3 potions of heal wounds {unknown}
 r - 2 potions of cancellation {unknown}
 v - 2 potions of lignification {unknown}


   Skills:
 + Level 2.4 Fighting
 - Level 2.7 Dodging
 - Level 2.0 Stealth
 + Level 3.3 Spellcasting


You knew the following spells:

 Your Spells              Type           Power      Damage    Failure   Level
a - Foxfire               Conj/Fire      96%        2x1d8     3%          1
b - Scorch                Fire           48%        2d7       5%          2
c - Volatile Blastmotes   Fire/Tloc      48%        2d14      11%         3
d - Inner Flame           Hex/Fire       24%        N/A       11%         3
e - Flame Wave            Conj/Fire      24%        2d8       36%         4
f - Kiss of Death         Conj/Necr      64%        2d10      3%          1
g - Passwall              Tmut/Erth      13%        N/A       5%          2
Your spell library was empty.

Dungeon Overview and Level Annotations

Branches:
Dungeon (4/15)
 Temple: D:4-7

Altars:
Cheibriados
Yredelemnul


Innate Abilities, Weirdness & Mutations

You are immune to sickness and miasma.
You are immune to poison.
Your flesh is very heat resistant. (rF++)
You are vulnerable to cold. (rC-)
You float through the air rather than walking.
You learn spells naturally, not from books.
Your magical power is your life essence.
You have superior vitality. (+4 MHP)


Message History

The lemure is lightly wounded.
The lemure's fire resistance burns away.
You hit the lemure but do no damage.
The lemure is heavily wounded.
The lemure is no longer more vulnerable to fire.
The lemure hits you. The lemure misses you.
Casting: Foxfire (safe; 3% risk of failure)
Press: ? - help, Q - select action, (/) - cycle Dir - look around, f - activate You feel a surge of power!
You conjure some foxfire!
The lemure hits you but does no damage.
Casting: Foxfire (safe; 3% risk of failure)
Press: ? - help, Q - select action, (/) - cycle Dir - look around, f - activate You feel a surge of power!
You conjure some foxfire!
The lemure is no longer more vulnerable to fire.
The foxfire hits the lemure but does no damage.
The lemure is heavily wounded.
The foxfire hits the lemure.
The lemure is almost dead.
The lemure hits you. x2
* * * LOW HITPOINT WARNING * * *
Your foxfire dissipates!
The foxfire hits the lemure but does no damage.
The lemure is almost dead.
Casting: Foxfire (safe; 3% risk of failure)
Press: ? - help, Q - select action, (/) - cycle Dir - look around, f - activate You feel a surge of power!
You conjure some foxfire!
* * * LOW HITPOINT WARNING * * *
The lemure misses you. x2; The lemure hits you but does no damage.
Casting: Foxfire (safe; 3% risk of failure)
Press: ? - help, Q - select action, (/) - cycle Dir - look around, f - activate You feel a surge of power!
You conjure some foxfire!
* * * LOW HITPOINT WARNING * * *
The foxfire hits the lemure but does no damage.
The lemure is heavily wounded.
The foxfire hits the lemure but does no damage.
The lemure is almost dead.
The lemure hits you.
* * * LOW HITPOINT WARNING * * *
The lemure hits you.
You die...

####.# ##### #.#
#...# #.# #...#
#.# #...#
#.#######...##
#####...........<#
#.<.......5.#....#
#........55.#....#
#.......v@5.####5#
### #........v..#
... r..#
#...........# ..#
#r.. #...........#
..# ~...
#...........# .#
..♣. #...........#
.# ....
#...........#
..........# ....
..♣.


You could see 4 lemures.

Vanquished Creatures
  Robin (D:4)
  3 adders
  A worm (D:4)
  3 dart slugs
  9 endoplasms
  5 giant cockroaches
  13 hobgoblins
  A quokka (D:1)
  6 ball pythons
  6 bats
  5 frilled lizards
  12 goblins
  2 kobolds
  2 rats (D:3)
69 creatures vanquished.

Vanquished Creatures (others)
  A giant cockroach (D:4)
  243 foxfires
244 creatures vanquished.

Grand Total: 313 creatures vanquished

Notes
Turn   | Place    | Note
-------+----------+-------------------------------------------
     0 | D:1      | NamelessTwo the Djinni Fire Elementalist began the quest
                  | for the Orb.
     0 | D:1      | NamelessTwo set off with the following spells memorised:
                  | Foxfire, Scorch, Volatile Blastmotes, Inner Flame, Flame
                  | Wave.
     0 | D:1      | Reached XP level 1. HP: 15/15 MP: 0/0
   161 | D:1      | Reached XP level 2. HP: 21/21 MP: 0/0
   536 | D:1      | Reached XP level 3. HP: 22/25 MP: 0/0
   536 | D:1      | Learned a level 1 spell: Kiss of Death
  1026 | D:2      | Reached skill level 1 in Fighting
  1116 | D:2      | Found a basalt altar of Yredelemnul.
  1130 | D:2      | Reached skill level 3 in Spellcasting
  1130 | D:2      | Reached XP level 4. HP: 13/32 MP: 0/0
  1298 | D:2      | You are sucked into a shaft and drop 1 floor!
  2455 | D:4      | Reached XP level 5. HP: 36/38 MP: 0/0
  2455 | D:4      | Learned a level 2 spell: Passwall
  2486 | D:4      | Identified the +4 helmet "Reatip" {rN+ Int-5 SInv}
  2486 | D:4      | Noticed Robin
  2493 | D:4      | Killed Robin
  2587 | D:4      | Found a snail-covered altar of Cheibriados.
  2647 | D:4      | Noticed a lemure
  2649 | D:4      | Noticed a lemure
  2652 | D:4      | Noticed a lemure
  2653 | D:4      | Noticed a lemure
  2670 | D:4      | Slain by a lemure

Illustrated notes

Levels and vault maps discovered:
D:1:      scummos_arrival_star, layout_loops_ring
D:2:      layout_loops_ring, basic_altar, uniq_crazy_yiuf_cottage, uniq_natasha
D:3:      layout_basic
D:4:      layout_basic, slow_altar_1, elyvilon_altar_4, uniq_pikel, uniq_robin

Skill      XL: |  1  2  3  4 |
---------------+-------------+-----
Stealth        | 2 |  2.0
Fighting       | 1 2 |  2.4
Spellcasting   | 3 |  3.3
Dodging        | |  2.7

Action                     |  1- 3 |  4- 6 || total
---------------------------+-------+-------++-------
  Melee: Staff             |    16 |     2 ||    18
   Cast: Foxfire           |    89 |   109 ||   198
         Scorch            |       |     7 ||     7
   Stab: Sleeping          |     1 |       ||     1
 Armour: Robe              |    16 |    12 ||    28
  Dodge: Dodged            |    47 |    21 ||    68
